 Dungeon Crawl Stone Soup version 0.30-a0-618-gd6c86c23d0 (webtiles) character file.

Game seed: 2360531480708066822

695 Leeroy the Covert (level 7, 0/36 HPs)
             Began as a Kobold Enchanter on Jan 9, 2023.
             Slain by an orc
             ... wielding a +2 hand axe of freezing
              (5 damage)
             ... on level 5 of the Dungeon.
             The game lasted 00:04:42 (4136 turns).

Leeroy the Covert (Kobold Enchanter)                Turns: 4136, Time: 00:04:43

Health: 0/36       AC:  4    Str:  5    XL:     7   Next: 96%
Magic:  3/10       EV: 15    Int: 16    God:
Gold:   225        SH:  0    Dex: 18    Spells: 0/10 levels left

rFire   . . .      SeeInvis .    a - +1 dagger
rCold   . . .      Faith    .    (no shield)
rNeg    . . .      Spirit   .    b - +0 robe
rPois   .          Reflect  .    r - +2 hat
rElec   .          Harm     .    (no cloak)
rCorr   .          Rampage  .    (no gloves)
Will    .....                    (no boots)
Stlth   ++++++                   (no amulet)
HPRegen 0.26/turn                (no ring)
MPRegen 0.12/turn                (no ring)

@: very slightly contaminated, studying Shields
A: small, no large weapons, nightstalker 3
a: no special abilities


You were on level 5 of the Dungeon.
You visited 1 branch of the dungeon, and saw 5 of its levels.

You collected 225 gold pieces.

Inventory:

Hand Weapons
 a - a +1 dagger (weapon)
 v - a +3 falchion of freezing
Missiles
 l - a throwing net (quivered)
Armour
 b - a +0 robe (worn)
 r - a +2 hat (worn)
Jewellery
 i - a ring of magical power
 q - a +4 ring of slaying
Scrolls
 e - a scroll of poison {unknown}
 f - 5 scrolls of identify {unknown}
 h - a scroll of vulnerability {unknown}
 m - a scroll of torment {unknown}
 p - a scroll of enchant weapon {unknown}
 s - a scroll of immolation {unknown}
 t - a scroll of fog {unknown}
 u - a scroll of fear {unknown}
Potions
 c - 2 potions of invisibility
 d - 3 potions of flight {unknown}
 g - 2 potions of haste {unknown}
 j - 2 potions of curing {unknown}
 k - a potion of ambrosia {unknown}
 n - a potion of might {unknown}
 o - 3 potions of cancellation {unknown}


   Skills:
 - Level 1.3 Short Blades
 - Level 2.4 Dodging
 + Level 12.2 Stealth
 - Level 2.1 Spellcasting
 - Level 3.0 Hexes


You couldn't memorise any spells.
You knew the following spells:

 Your Spells              Type           Power      Damage    Failure   Level
a - Ensorcelled Hibernat  Hex/Ice        12%        N/A       17%         2
b - Confusing Touch       Hex            11%        N/A       19%         3
c - Dazzling Flash        Conj/Hex       12%        N/A       32%         3
d - Passwall              Tmut/Erth      0%         N/A       30%         2

Your spell library contained the following spells:

 Spells                   Type           Power      Damage    Failure   Level
 Tukima's Dance           Hex            11%        N/A       19%         3
 Necrotise                Necr           4%         1d4       21%         1
 Gell's Gravitas          Tloc           1%         N/A       52%         3
 Lesser Beckoning         Tloc           2%         N/A       52%         3
 Swiftness                Air            1%         N/A       52%         3
 Teleport Other           Tloc           1%         N/A       52%         3
 Vampiric Draining        Necr           1%         2d6       52%         3
 Agony                    Necr           1%         N/A       99%         5
 Fireball                 Conj/Fire      0%         3d3       99%         5
 Iskenderun's Battlesphe  Conj           1%         2d6       99%         5
 Conjure Ball Lightning   Conj/Air       0%         3x3d6     100%        6
 Orb of Destruction       Conj           0%         9d5       100%        7


Dungeon Overview and Level Annotations

Branches:
Dungeon (5/15)
 Temple: D:4-7

Altars:

Shops:
D:2 !


Innate Abilities, Weirdness & Mutations

You are small and have problems with some larger weapons.
You are completely attuned to the shadows.


Message History

The orc attacks as you move away! The orc barely misses you.
The orc hits you with a +2 hand axe of freezing.
The orc freezes you.
You see here a +0 dagger.
The orc barely misses you.
Casting: Dazzling Flash (quite dangerous; 32% risk of failure)
Confirm with . or Enter, or press ? or * to list all spells.
You don't know that spell.
The orc misses you. The orc closely misses you. The orc barely misses you.
Casting: Dazzling Flash (quite dangerous; 32% risk of failure)
Confirm with . or Enter, or press ? or * to list all spells.
The spell is quite dangerous to miscast (32% risk of failure)!
Continue anyway?
Casting: Dazzling Flash (quite dangerous; 32% risk of failure)
Press: ? - help, Dir - look around, f - activate You miscast Dazzling Flash.
You are very lightly contaminated with residual magic.
Nothing appears to happen.
The orc misses you. The orc completely misses you. The orc closely misses you.
Casting: Dazzling Flash (quite dangerous; 32% risk of failure)
Confirm with . or Enter, or press ? or * to list all spells.
The spell is quite dangerous to miscast (32% risk of failure)!
Continue anyway?
Casting: Dazzling Flash (quite dangerous; 32% risk of failure)
Press: ? - help, Dir - look around, f - activate The orc is dazzled. x2; The orc barely misses you.
The orc closely misses you. x2
You barely miss the orc. The orc misses you.
You hit the orc.
The orc is lightly wounded.
The orc hits you with a +0 short sword. The orc closely misses you. x2
The orc is no longer blind.
The orc hits you but does no damage. The orc hits you with a +0 short sword.
You closely miss the orc.
The orc is lightly wounded.
The orc is no longer blind.
The orc completely misses you. The orc barely misses you.
The orc hits you but does no damage.
The orc hits you with a +2 hand axe of freezing!
* * * LOW HITPOINT WARNING * * *
The orc freezes you.
* * * LOW HITPOINT WARNING * * *
The orc hits you with a +2 hand axe of freezing.
You die...

####.^....).#
..............
..............
...........<..
≈≈...####....
≈≈≈..###..##
≈≈≈...#...# ..
≈≈≈.......# ....
≈≈≈......@####....
≈≈........oo....#
.......###oo)..#
.....## ###†.##
..# ##..# #..##
##..# #.....
#..###


You could see 4 orcs.

Vanquished Creatures
  An ice beast (D:5)
  2 scorpions
  2 wights (D:5)
  A howler monkey (D:4)
  2 hounds (D:5)
  2 iguanas (D:5)
  3 orc wizards (D:5)
  6 adders
  A worm (D:2)
  6 dart slugs
  6 orcs
  5 bats
  10 endoplasms
  7 giant cockroaches
  6 goblins
  9 hobgoblins
  4 jackals (D:1)
  A kobold (D:2)
  4 quokkas
  11 ball pythons
  5 frilled lizards
  5 rats
99 creatures vanquished.

Notes
Turn   | Place    | Note
-------+----------+-------------------------------------------
     0 | D:1      | Leeroy the Kobold Enchanter began the quest for the Orb.
     0 | D:1      | Reached XP level 1. HP: 10/10 MP: 3/3
   126 | D:1      | Reached XP level 2. HP: 9/15 MP: 5/5
   164 | D:1      | Reached skill level 5 in Stealth
   303 | D:1      | Reached XP level 3. HP: 17/19 MP: 6/6
   720 | D:1      | Reached skill level 6 in Stealth
  1194 | D:1      | Learned a level 2 spell: Ensorcelled Hibernation
  1198 | D:1      | Learned a level 3 spell: Confusing Touch
  1346 | D:2      | Found Romauwk's Distillery.
  1597 | D:2      | Reached XP level 4. HP: 24/24 MP: 7/7
  1820 | D:2      | Reached skill level 7 in Stealth
  2354 | D:3      | Reached XP level 5. HP: 28/28 MP: 8/8
  2796 | D:3      | Reached skill level 8 in Stealth
  3316 | D:4      | Reached skill level 9 in Stealth
  3316 | D:4      | Reached XP level 6. HP: 32/32 MP: 9/9
  3357 | D:4      | Learned a level 3 spell: Dazzling Flash
  3734 | D:5      | Entered Level 5 of the Dungeon
  3754 | D:5      | Reached skill level 10 in Stealth
  3756 | D:5      | Reached XP level 7. HP: 36/36 MP: 10/10
  3769 | D:5      | Reached skill level 11 in Stealth
  3932 | D:5      | Reached skill level 12 in Stealth
  4092 | D:5      | Learned a level 2 spell: Passwall
  4136 | D:5      | Slain by an orc

Illustrated notes

Levels and vault maps discovered:
D:1:      matt_arrival_grand_opening, layout_basic
D:2:      layout_basic, serial_shops, nicolae_shop_crystal
D:3:      layout_rooms
D:4:      nicolae_BIG_FREAKIN_CUBE, layout_gridville
D:5:      layout_layer_cave, temple_pool_b, minmay_misc_feat_roman,
          minmay_manual_mandibuliform, uniq_duvessa

Skill      XL: |  1  2  3  4  5  6  7 |
---------------+----------------------+-----
Stealth        | 5 6 7 9 10 12 | 12.2
Short Blades   | |  1.3
Dodging        | |  2.4
Spellcasting   | |  2.1
Hexes          | |  3.0

Action                   |  1- 3 |  4- 6 |  7- 9 || total
-------------------------+-------+-------+-------++-------
Melee: Dagger            |   119 |   106 |    23 ||   248
 Cast: Ensorcelled Hiber |     1 |       |     5 ||     6
       Dazzling Flash    |       |       |     2 ||     2
 Stab: Sleeping          |    18 |    35 |    11 ||    64
       Distracted        |     1 |     1 |     1 ||     3
Armor: Robe              |    22 |    11 |     4 ||    37
Dodge: Dodged            |    80 |    45 |    29 ||   154

Table legend: (Time is in decaauts)
 A = Elapsed time spent in this place.
 B = Non-inter-level travel time spent in this place.
 C = Inter-level travel time spent in this place.
 D = Time resting spent in this place.
 E = Time spent auto-exploring this place.
 F = Levels seen in this place.
 G = Mean time per level.
                   A        B        C        D        E       F      G
               +--------+--------+--------+--------+--------+-----+--------+
         Total |   4120 |   3915 |    205 |     60 |   3109 |   5 |  824.0 |
       Dungeon |   4120 |   3915 |    205 |     60 |   3109 |   5 |  824.0 |
               +--------+--------+--------+--------+--------+-----+--------+

Top non-repeatable levels by time:
     D:1: 1150 daAuts
     D:2: 982 daAuts
     D:4: 937 daAuts
     D:3: 695 daAuts
     D:5: 355 daAuts
